[Event "45th FIDE Womens Olympiad 2024"]
[Site "Budapest"]
[Date "2024.09.14"]
[Round "4.139"]
[White "Gombocz, Zsofia"]
[Black "Smith, Lynda"]
[Result "1/2-1/2"]
[ECO "B27"]
[WhiteElo "2061"]
[BlackElo "1831"]
[Annotator "NA"]
[PlyCount "63"]
[EventDate "2024.09.05"]
[EventType "team-tourn"]
[EventCountry "HUN"]
[SourceTitle "playchess.com"]
[Source "ChessBase"]
[SourceQuality "1"]
[WhiteTeam "Hungary C"]
[BlackTeam "Wales"]
[BlackTeamCountry "WLS"]
[TimeControl "40/5400+30:1800+30"]

1. e4 c5 2. Nf3 g6 3. Bc4 Bg7 4. c3 e6 5. O-O Nc6 6. d4 cxd4 7. Nxd4 Nxd4 8. cxd4 d5 9. Bb5+ Bd7 10. Bxd7+ Qxd7 11. e5 Ne7 12. Bg5 O-O 13. Qd2 f6 14. Bh6 fxe5 15. Bxg7 Kxg7 16. dxe5 Rac8 17. Nc3 a6 18. Ne4 Qa4 19. Nd6 Rc2 20. Qd1 Qc6 21. Rc1 Rxc1 22. Qxc1 Qd7 23. Rd1 Nf5 24. Ne4 Rc8 25. Qd2 h6 26. Ng3 Nxg3 27. hxg3 Qc7 28. Qf4 Qf7 29. Qe3 Qc7 30. Qf4 Qf7 31. Qe3 Qc7 32. Qf4 1/2-1/2

[Event "45th FIDE Womens Olympiad 2024"]
[Site "Budapest"]
[Date "2024.09.14"]
[Round "4.140"]
[White "Chong, Kimberly"]
[Black "Nandin-Erdene, Davaademberel"]
[Result "0-1"]
[ECO "B12"]
[WhiteElo "1779"]
[BlackElo "2039"]
[Annotator "NA"]
[PlyCount "64"]
[EventDate "2024.09.05"]
[EventType "team-tourn"]
[EventCountry "HUN"]
[SourceTitle "playchess.com"]
[Source "ChessBase"]
[SourceQuality "1"]
[WhiteTeam "Wales"]
[BlackTeam "Hungary C"]
[WhiteTeamCountry "WLS"]
[BlackTeamCountry "HUN"]
[TimeControl "40/5400+30:1800+30"]

1. e4 c6 2. d4 d5 3. e5 Bf5 4. h4 h5 5. Bd3 Bxd3 6. Qxd3 e6 7. Bg5 Be7 8. Nf3 Nd7 9. Nbd2 Nh6 10. O-O Nf5 11. g3 Nf8 12. Rfe1 Nh7 13. Bxe7 Qxe7 14. Nf1 g5 15. Ne3 Nxe3 16. Rxe3 gxh4 17. gxh4 O-O-O 18. Kf1 Kb8 19. Ke2 Rdg8 20. Rh1 Rg4 21. Rh3 Nf8 22. Ng5 Ng6 23. Ref3 Nf4+ 24. Rxf4 Rxf4 25. Qe3 Rg4 26. Rf3 Rf8 27. Rf4 Rg1 28. Nh7 Rfg8 29. Ng5 Qb4 30. Qc3 Qb5+ 31. Kd2 Qf1 32. Qb3 Qc1+ 0-1

[Event "45th FIDE Womens Olympiad 2024"]
[Site "Budapest"]
[Date "2024.09.14"]
[Round "4.141"]
[White "Diaz Cesar, Wilsaida Pieranlly"]
[Black "Keinanen, Anastasia"]
[Result "0-1"]
[ECO "E14"]
[WhiteElo "1900"]
[BlackElo "2212"]
[Annotator "NA RC"]
[PlyCount "36"]
[EventDate "2024.09.05"]
[EventType "team-tourn"]
[EventCountry "HUN"]
[SourceTitle "playchess.com"]
[Source "ChessBase"]
[SourceQuality "1"]
[WhiteTeam "Dominican Republic"]
[BlackTeam "Finland"]
[WhiteTeamCountry "DOM"]
[BlackTeamCountry "FIN"]
[TimeControl "40/5400+30:1800+30"]

1. Nf3 d5 2. c4 e6 3. e3 Nf6 4. b3 b6 5. Bb2 Bb7 6. d4 Bd6 7. Bd3 O-O 8. O-O Ne4 9. Nc3 a6 10. Qc2 f5 11. Ne5 Nd7 12. Nxd7 Qxd7 13. f3 Nf6 14. e4 dxe4 15. fxe4 Ng4 16. e5 Bxe5 17. dxe5 Qd4+ 18. Kh1 Qxe5 0-1

[Event "45th FIDE Womens Olympiad 2024"]
[Site "Budapest"]
[Date "2024.09.14"]
[Round "4.142"]
[White "Bederdin, Lilja"]
[Black "Gonzalez Peguero, Mary Loly"]
[Result "1-0"]
[ECO "B27"]
[WhiteElo "2065"]
[BlackElo "1889"]
[Annotator "NA"]
[PlyCount "121"]
[EventDate "2024.09.05"]
[EventType "team-tourn"]
[EventCountry "HUN"]
[SourceTitle "playchess.com"]
[Source "ChessBase"]
[SourceQuality "1"]
[WhiteTeam "Finland"]
[BlackTeam "Dominican Republic"]
[WhiteTeamCountry "FIN"]
[BlackTeamCountry "DOM"]
[TimeControl "40/5400+30:1800+30"]

1. e4 c5 2. Nc3 g6 3. d4 cxd4 4. Qxd4 Nf6 5. Nf3 Nc6 6. Qa4 e5 7. Bb5 Qc7 8. Bg5 Bg7 9. O-O-O O-O 10. Rd3 Nd4 11. Bxf6 Bxf6 12. Nd5 Qd8 13. Nxd4 exd4 14. Nxf6+ Qxf6 15. Rd2 Qg5 16. g3 d5 17. f4 Qe7 18. Rxd4 dxe4 19. Rxe4 Qc5 20. Qb4 Qd5 21. Bc4 Qc6 22. Rhe1 Bf5 23. R4e2 Rac8 24. Bb3 b6 25. Qa4 Qc7 26. Re8 Qc5 27. Rxf8+ Rxf8 28. Qc4 Qf2 29. Qe2 Qc5 30. g4 Bc8 31. h3 Qb4 32. Qe4 Qc5 33. Qe3 Qc6 34. a3 Ba6 35. f5 Bb5 36. Qe4 Qf6 37. fxg6 hxg6 38. Qb4 Qf2 39. Qd2 Qh4 40. Re3 Bf1 41. Kb1 Rd8 42. Qc3 Bg2 43. Ka2 Qg5 44. Re2 Bd5 45. Bxd5 Qxd5+ 46. Qb3 Qg5 47. Re3 b5 48. Rf3 Rd7 49. Rc3 a5 50. Rc8+ Kg7 51. Qc3+ f6 52. Qxa5 Qd5+ 53. b3 Qe5 54. Qc3 Qf4 55. Qc5 Rf7 56. Qxb5 Qf2 57. Qc5 Qh2 58. Qc3 Qd6 59. g5 Qd7 60. gxf6+ Kh7 61. Qc4 1-0

[Event "45th FIDE Womens Olympiad 2024"]
[Site "Budapest"]
[Date "2024.09.14"]
[Round "4.143"]
[White "Almanzar Vasquez, Jeniffer Maria"]
[Black "Puuska, Heini"]
[Result "1/2-1/2"]
[ECO "D00"]
[WhiteElo "1876"]
[BlackElo "1930"]
[Annotator "NA"]
[PlyCount "80"]
[EventDate "2024.09.05"]
[EventType "team-tourn"]
[EventCountry "HUN"]
[SourceTitle "playchess.com"]
[Source "ChessBase"]
[SourceQuality "1"]
[WhiteTeam "Dominican Republic"]
[BlackTeam "Finland"]
[WhiteTeamCountry "DOM"]
[BlackTeamCountry "FIN"]
[TimeControl "40/5400+30:1800+30"]

1. d4 d5 2. Bf4 e6 3. e3 c5 4. Nc3 cxd4 5. exd4 a6 6. Nf3 Nc6 7. Ne2 Nf6 8. Ng3 Bd6 9. Qd2 Bxf4 10. Qxf4 Qa5+ 11. c3 Bd7 12. Bd3 Ne7 13. Ne5 Ng6 14. Qg5 Bb5 15. Nxg6 hxg6 16. Qd2 Bxd3 17. Qxd3 b5 18. a3 Qc7 19. h3 Qc4 20. Qe2 Rh4 21. f3 a5 22. Kf2 Rc8 23. Rhc1 Nd7 24. Nf1 Qxe2+ 25. Kxe2 b4 26. axb4 axb4 27. Ke3 bxc3 28. bxc3 Nb6 29. Nd2 Ke7 30. Ra7+ Kf6 31. Kd3 Nc4 32. Rb1 Rhh8 33. Nxc4 Rxc4 34. Rbb7 Rf8 35. h4 g5 36. hxg5+ Kg6 37. Kd2 Rcc8 38. f4 Ra8 39. Ke3 Rxa7 40. Rxa7 Rc8 1/2-1/2

[Event "45th FIDE Womens Olympiad 2024"]
[Site "Budapest"]
[Date "2024.09.14"]
[Round "4.144"]
[White "Sippola, Sara-Olivia"]
[Black "Ramirez Luzon, Franchesca"]
[Result "1/2-1/2"]
[ECO "B27"]
[WhiteElo "1861"]
[BlackElo "1820"]
[Annotator "NA"]
[PlyCount "121"]
[EventDate "2024.09.05"]
[EventType "team-tourn"]
[EventCountry "HUN"]
[SourceTitle "playchess.com"]
[Source "ChessBase"]
[SourceQuality "1"]
[WhiteTeam "Finland"]
[BlackTeam "Dominican Republic"]
[WhiteTeamCountry "FIN"]
[BlackTeamCountry "DOM"]
[TimeControl "40/5400+30:1800+30"]

1. e4 c5 2. Nf3 g6 3. d4 cxd4 4. Qxd4 Nf6 5. Nc3 Nc6 6. Qd3 Bg7 7. Be2 O-O 8. O-O b6 9. Nd5 Nxd5 10. exd5 Ne5 11. Nxe5 Bxe5 12. f4 Bg7 13. Bf3 d6 14. Re1 Qc7 15. c3 Re8 16. Be3 Bd7 17. Bf2 Rac8 18. Bh4 b5 19. Re2 b4 20. cxb4 Qb6+ 21. Bf2 Qxb4 22. Qd2 Qb7 23. Rc1 Bf5 24. Rc6 Bd7 25. Rxc8 Rxc8 26. Rxe7 Bf6 27. Re1 Bxb2 28. Rb1 Rb8 29. Be4 a5 30. Qxa5 Ra8 31. Qd2 Rxa2 32. Bd4 Bxd4+ 33. Qxd4 Qa8 34. Qb6 Ra1 35. h3 Rxb1+ 36. Qxb1 Qa7+ 37. Kh1 Kg7 38. Qb2+ Kg8 39. Qf6 Qc7 40. Kh2 Bc8 41. Kg3 Bb7 42. h4 Qc5 43. h5 Qe3+ 44. Bf3 Qe1+ 45. Kh2 gxh5 46. Qg5+ Kf8 47. Qxh5 Qb4 48. Qh6+ Ke8 49. Qg5 Qd4 50. Qg8+ Ke7 51. Qg5+ Ke8 52. Qf5 Kf8 53. Kg3 Qg7+ 54. Kh2 Qg6 55. Qh3 Qf6 56. Qxh7 Qxf4+ 57. Kh1 Qc1+ 58. Kh2 Qg5 59. Qd3 Qh4+ 60. Kg1 Qe1+ 61. Kh2 1/2-1/2

[Event "45th FIDE Womens Olympiad 2024"]
[Site "Budapest"]
[Date "2024.09.14"]
[Round "4.145"]
[White "Samaganova, Aleksandra"]
[Black "Wafa, Shrook"]
[Result "0-1"]
[ECO "A22"]
[WhiteElo "1948"]
[BlackElo "2137"]
[PlyCount "82"]
[EventDate "2024.09.05"]
[EventType "team-tourn"]
[EventCountry "HUN"]
[WhiteTeam "Kyrgyzstan"]
[BlackTeam "Egypt"]
[WhiteTeamCountry "KGZ"]
[BlackTeamCountry "EGY"]
[TimeControl "40/5400+30:1800+30"]

1. c4 e5 2. Nc3 Nf6 3. g3 Bb4 4. Bg2 O-O 5. e4 Bxc3 6. dxc3 d6 7. Ne2 Be6 8. b3 a5 9. h3 a4 10. Rb1 Nbd7 11. O-O axb3 12. axb3 Ra2 13. Be3 Nc5 14. Nc1 Ra3 15. Qc2 b6 16. f4 exf4 17. gxf4 Bd7 18. e5 Nh5 19. b4 Ne6 20. f5 Ng5 21. h4 Nh3+ 22. Bxh3 Qxh4 23. Bg2 Qxc4 24. Bd2 dxe5 25. Be1 Qg4 26. Qe4 Nf4 27. Qf3 Qxf5 28. Rb2 Qg6 29. Bg3 Nxg2 30. Qxg2 Bc6 31. Qh2 Rxc3 32. Ne2 Re3 33. Kf2 Rf3+ 34. Ke1 e4 35. Be5 Rxf1+ 36. Kxf1 Rd8 37. Nd4 e3 38. Qc2 Be4 39. Qxc7 Bd3+ 40. Ne2 Qf5+ 41. Kg1 Qf2+ {0-} 0-1

[Event "45th FIDE Womens Olympiad 2024"]
[Site "Budapest"]
[Date "2024.09.14"]
[Round "4.146"]
[White "Wafa, Shahenda"]
[Black "Zhanybekova, Begimay"]
[Result "1-0"]
[ECO "B32"]
[WhiteElo "2102"]
[BlackElo "1784"]
[PlyCount "85"]
[EventDate "2024.09.05"]
[EventType "team-tourn"]
[EventCountry "HUN"]
[WhiteTeam "Egypt"]
[BlackTeam "Kyrgyzstan"]
[WhiteTeamCountry "EGY"]
[BlackTeamCountry "KGZ"]
[TimeControl "40/5400+30:1800+30"]

1. e4 c5 2. Nf3 Nc6 3. d4 cxd4 4. Nxd4 Qb6 5. Nb5 a6 6. Be3 Qa5+ 7. N5c3 Nf6 8. Nd2 b5 9. a4 b4 10. Nc4 Qc7 11. Nd5 Qb7 12. Ndb6 Rb8 13. e5 d5 14. exd6 Be6 15. Be2 Rd8 16. Bf3 Rxd6 17. Nxd6+ exd6 18. Nd5 Nd7 19. O-O Nde5 20. Nf4 Bf5 21. Re1 Be7 22. Nd5 Bd8 23. Nxb4 Qxb4 24. Bxc6+ Kf8 25. Bd5 h5 26. Qd4 Qb8 27. Qa7 Qxa7 28. Bxa7 Bxc2 29. Bb8 Rh6 30. a5 Nd3 31. Re2 Nb4 32. Bc4 Bf5 33. Rd1 d5 34. Bxd5 Bxa5 35. Bc4 Rc6 36. b3 Bg6 37. Re5 Rxc4 38. bxc4 Nc6 39. Bd6+ Kg8 40. Rc5 Be4 41. f3 Bc2 42. Rc1 Ba4 43. Ra1 1-0

[Event "45th FIDE Womens Olympiad 2024"]
[Site "Budapest"]
[Date "2024.09.14"]
[Round "4.147"]
[White "Sezdbekova, Aizhan"]
[Black "Romany, Joy"]
[Result "1-0"]
[ECO "B40"]
[WhiteElo "1799"]
[BlackElo "2012"]
[PlyCount "111"]
[EventDate "2024.09.05"]
[EventType "team-tourn"]
[EventCountry "HUN"]
[WhiteTeam "Kyrgyzstan"]
[BlackTeam "Egypt"]
[WhiteTeamCountry "KGZ"]
[BlackTeamCountry "EGY"]
[TimeControl "40/5400+30:1800+30"]

1. e4 c5 2. Nf3 e6 3. c3 Nf6 4. Bd3 d5 5. e5 Nfd7 6. Bc2 c4 7. d4 cxd3 8. Bxd3 Nc6 9. Bf4 Qc7 10. O-O g6 11. Re1 Bg7 12. Qe2 O-O 13. b4 a5 14. b5 Ne7 15. c4 dxc4 16. Bxc4 Nb6 17. Nbd2 Ned5 18. Bg3 Bd7 19. Bxd5 Nxd5 20. a4 Rac8 21. Ne4 Qc2 22. Nd6 Qxe2 23. Rxe2 Rc7 24. Nd2 Rc2 25. f4 f6 26. N6c4 fxe5 27. fxe5 Bh6 28. Be1 Rc8 29. Nd6 Rf8 30. N6c4 Rc8 31. Nd6 R8c7 32. Kf1 Bf4 33. Nf3 Ne3+ 34. Kf2 Nxg2 35. Bxa5 Be3+ 36. Kf1 Rxe2 37. Kxe2 b6 38. Bd2 Bxd2 39. Kxd2 Nf4 40. a5 Nd5 41. a6 Ra7 42. Nd4 Nc7 43. Rf1 Nxb5 44. N6xb5 Rxa6 45. Nc7 Ra2+ 46. Ke3 Rxh2 47. Ncxe6 Rh3+ 48. Ke4 Rh4+ 49. Kd5 Bxe6+ 50. Nxe6 h5 51. Nd4 g5 52. e6 Rf4 53. Rxf4 gxf4 54. e7 Kf7 55. Kd6 f3 56. Kd7 1-0

[Event "45th FIDE Womens Olympiad 2024"]
[Site "Budapest"]
[Date "2024.09.14"]
[Round "4.148"]
[White "Allam, Yara"]
[Black "Abaeva, Aiana"]
[Result "1-0"]
[ECO "B80"]
[WhiteElo "1920"]
[BlackElo "1858"]
[PlyCount "129"]
[EventDate "2024.09.05"]
[EventType "team-tourn"]
[EventCountry "HUN"]
[WhiteTeam "Egypt"]
[BlackTeam "Kyrgyzstan"]
[WhiteTeamCountry "EGY"]
[BlackTeamCountry "KGZ"]
[TimeControl "40/5400+30:1800+30"]

1. e4 c5 2. Nf3 d6 3. d4 cxd4 4. Nxd4 Nf6 5. Nc3 a6 6. Be3 e6 7. f3 Be7 8. Qd2 b5 9. a3 Bb7 10. g4 h6 11. Be2 Nbd7 12. O-O-O Ne5 13. h4 Rc8 14. g5 Nfd7 15. f4 Nc4 16. Bxc4 bxc4 17. g6 Nc5 18. gxf7+ Kxf7 19. Qg2 Bf6 20. Rhg1 Qe8 21. Nde2 Ke7 22. Bd4 Rg8 23. Qf3 Qf7 24. Qe3 Nd7 25. Bxf6+ gxf6 26. Qd4 Rc6 27. Rxg8 Qxg8 28. Rg1 Qh8 29. Rg3 Qh7 30. Qg1 Kf7 31. Nd4 Rc8 32. Nxe6 Rg8 33. Rxg8 Qxg8 34. Qxg8+ Kxg8 35. Kd2 Nb6 36. Ke3 Bc8 37. Nc7 Kf7 38. N7d5 Nxd5+ 39. Nxd5 f5 40. Nb6 Be6 41. exf5 Bxf5 42. Nxc4 Bxc2 43. Nxd6+ Ke6 44. Ne4 Kf5 45. Nc5 Kg4 46. Nxa6 Kxh4 47. Nb4 Bb3 48. Nd3 Kg4 49. Ne5+ Kf5 50. Nf3 Kg4 51. Nd4 Bd5 52. f5 h5 53. Kf2 h4 54. Kg1 Kf4 55. b4 Ke4 56. Nc2 Bg8 57. b5 Kd5 58. Kg2 Kc5 59. a4 Bb3 60. f6 Kd6 61. Nb4 Kc5 62. Kh3 Kd6 63. Kxh4 Bxa4 64. f7 Ke7 65. b6 1-0

[Event "45th FIDE Womens Olympiad 2024"]
[Site "Budapest"]
[Date "2024.09.14"]
[Round "4.149"]
[White "Steil-Antoni, Fiona"]
[Black "Chuemsakul, Sarocha"]
[Result "1/2-1/2"]
[ECO "C45"]
[WhiteElo "2085"]
[BlackElo "1906"]
[PlyCount "62"]
[EventDate "2024.09.05"]
[EventType "team-tourn"]
[EventCountry "HUN"]
[WhiteTeam "Luxembourg"]
[BlackTeam "Thailand"]
[WhiteTeamCountry "LUX"]
[BlackTeamCountry "THA"]
[TimeControl "40/5400+30:1800+30"]

1. e4 e5 2. Nf3 Nc6 3. d4 exd4 4. Nxd4 Bc5 5. Nb3 Bb6 6. Qe2 d6 7. Nc3 Nge7 8. Be3 Be6 9. O-O-O O-O 10. f4 Re8 11. h3 f5 12. e5 Bxb3 13. axb3 d5 14. g4 d4 15. Bg1 Qc8 16. Nb5 Rd8 17. Qc4+ Kh8 18. e6 Na5 19. Qe2 c5 20. gxf5 Nxf5 21. Qe5 Ng3 22. Rh2 Nc6 23. Qg5 Nxf1 24. Rg2 Rg8 25. f5 Qd8 26. Rxf1 Qxg5+ 27. Rxg5 Bd8 28. Rg2 Be7 29. Bh2 Rad8 30. Na3 a6 31. Nc4 Rd5 1/2-1/2

[Event "45th FIDE Womens Olympiad 2024"]
[Site "Budapest"]
[Date "2024.09.14"]
[Round "4.150"]
[White "Prommuang, Araya"]
[Black "Bakalarz, Grazyna"]
[Result "0-1"]
[ECO "B33"]
[WhiteElo "1753"]
[BlackElo "1928"]
[PlyCount "84"]
[EventDate "2024.09.05"]
[EventType "team-tourn"]
[EventCountry "HUN"]
[WhiteTeam "Thailand"]
[BlackTeam "Luxembourg"]
[WhiteTeamCountry "THA"]
[BlackTeamCountry "LUX"]
[TimeControl "40/5400+30:1800+30"]

1. e4 c5 2. Nf3 Nc6 3. d4 cxd4 4. Nxd4 Nf6 5. Nc3 e5 6. Ndb5 d6 7. Bg5 a6 8. Na3 Be6 9. Nc4 Rc8 10. Bxf6 gxf6 11. Bd3 Ne7 12. Ne3 Bh6 13. Ned5 Bxd5 14. Nxd5 Nxd5 15. exd5 Qa5+ 16. c3 Qxd5 17. Qe2 Qxg2 18. Be4 Qh3 19. Bxb7 Rb8 20. Bc6+ Kf8 21. Be4 f5 22. Qxa6 Rd8 23. Bd5 Rg8 24. Qb7 Rg7 25. Qc7 Qh4 26. Kd1 Qg5 27. Kc2 Qd2+ 28. Kb3 Qxd5+ 29. Kc2 Qd2+ 30. Kb3 Qd5+ 31. Kc2 Qe4+ 32. Kb3 Qa8 33. Rhg1 Rb8+ 34. Qxb8+ Qxb8+ 35. Kc2 Rxg1 36. Rxg1 Qb7 37. a4 Qa7 38. Kb3 Qb6+ 39. Ka3 Qc5+ 40. Kb3 Qxf2 41. Rd1 Qb6+ 42. Ka3 Qc5+ {0-} 0-1

[Event "45th FIDE Womens Olympiad 2024"]
[Site "Budapest"]
[Date "2024.09.14"]
[Round "4.151"]
[White "Kremer, Nadine"]
[Black "Mekarapiruk, Nathasha"]
[Result "0-1"]
[ECO "C30"]
[WhiteElo "1898"]
[BlackElo "1728"]
[PlyCount "102"]
[EventDate "2024.09.05"]
[EventType "team-tourn"]
[EventCountry "HUN"]
[WhiteTeam "Luxembourg"]
[BlackTeam "Thailand"]
[WhiteTeamCountry "LUX"]
[BlackTeamCountry "THA"]
[TimeControl "40/5400+30:1800+30"]

1. e4 e5 2. Bc4 Nc6 3. d3 Bc5 4. Nc3 Nf6 5. f4 d6 6. Nf3 Qe7 7. Na4 Bb6 8. Nxb6 axb6 9. O-O Na5 10. fxe5 dxe5 11. Bg5 Nxc4 12. dxc4 Qc5+ 13. Kh1 Bd7 14. Bxf6 gxf6 15. Nh4 Qxc4 16. Rxf6 O-O-O 17. Qd5 Qxd5 18. exd5 Bb5 19. Rxf7 Rxd5 20. Kg1 Rd2 21. Rf2 Rhd8 22. g4 Rxf2 23. Kxf2 Rd2+ 24. Kf3 Rxh2 25. Nf5 Rxc2 26. b3 Rc3+ 27. Kf2 e4 28. Rd1 Rf3+ 29. Kg2 Bd7 30. Ne7+ Kd8 31. Nf5 Rd3 32. Re1 Bxf5 33. gxf5 Rd5 34. Rxe4 Rxf5 35. Rd4+ Kc8 36. Kg3 h5 37. a4 c6 38. Rd6 Rd5 39. Rh6 Rd3+ 40. Kf4 Rxb3 41. Ke5 Rh3 42. Kd6 Kb8 43. Rh8+ Ka7 44. Kc7 Rg3 45. Rxh5 Rg7+ 46. Kd6 Rg4 47. a5 bxa5 48. Rxa5+ Kb6 49. Ra8 Rd4+ 50. Ke5 Rd1 51. Ke4 Kb5 {0-} 0-1

[Event "45th FIDE Womens Olympiad 2024"]
[Site "Budapest"]
[Date "2024.09.14"]
[Round "4.152"]
[White "Khantree, Napat"]
[Black "Lyon, Hannah Jane"]
[Result "0-1"]
[ECO "D87"]
[WhiteElo "1711"]
[BlackElo "1797"]
[PlyCount "68"]
[EventDate "2024.09.05"]
[EventType "team-tourn"]
[EventCountry "HUN"]
[WhiteTeam "Thailand"]
[BlackTeam "Luxembourg"]
[WhiteTeamCountry "THA"]
[BlackTeamCountry "LUX"]
[TimeControl "40/5400+30:1800+30"]

1. d4 Nf6 2. c4 g6 3. Nc3 d5 4. cxd5 Nxd5 5. e4 Nxc3 6. bxc3 Bg7 7. Bc4 c5 8. Ne2 Nc6 9. Be3 O-O 10. O-O Qc7 11. Rc1 Rd8 12. a3 e6 13. Qd2 Qa5 14. Qb2 b6 15. Bb5 Bb7 16. Bd2 Nb4 17. a4 Nc6 18. Nf4 a6 19. d5 axb5 20. axb5 Na7 21. dxe6 Qxb5 22. exf7+ Kxf7 23. Qa2+ c4 24. Rb1 Qc6 25. Nd5 Nb5 26. Qb2 Ra5 27. Bg5 Re8 28. Qe2 Kg8 29. Rfd1 Nxc3 30. Nxc3 Bxc3 31. Qe3 Qxe4 32. Qg3 Be5 33. Qh3 Bxh2+ 34. Qxh2 Rxg5 {0-} 0-1

[Event "45th FIDE Womens Olympiad 2024"]
[Site "Budapest"]
[Date "2024.09.14"]
[Round "4.153"]
[White "Ortiz Verdezoto, Anahi"]
[Black "Seine, Rose Berline"]
[Result "1-0"]
[ECO "D78"]
[WhiteElo "2229"]
[BlackElo "1778"]
[PlyCount "83"]
[EventDate "2024.09.05"]
[EventType "team-tourn"]
[EventCountry "HUN"]
[WhiteTeam "Ecuador"]
[BlackTeam "Haiti"]
[WhiteTeamCountry "ECU"]
[BlackTeamCountry "HAI"]
[TimeControl "40/5400+30:1800+30"]

1. d4 d5 2. c4 e6 3. Nf3 Nf6 4. g3 g6 5. Bg2 Bg7 6. O-O O-O 7. Qc2 Re8 8. Nbd2 c6 9. b3 Nbd7 10. Bb2 Nb6 11. Rfd1 Bd7 12. e4 e5 13. Nxe5 Be6 14. a4 a5 15. Bc3 Nc8 16. exd5 cxd5 17. c5 Ne7 18. Ndf3 Bf5 19. Qb2 Qc8 20. b4 axb4 21. Bxb4 Nc6 22. Qb3 Nxb4 23. Qxb4 h6 24. Rdc1 Bf8 25. Qb3 Rb8 26. a5 Qc7 27. Qb6 Rec8 28. Qxf6 Be6 29. Qf4 Ra8 30. Qd2 Ra6 31. Bf1 Ra7 32. c6 b6 33. a6 Kh7 34. h4 Qd6 35. h5 g5 36. Rab1 Qc7 37. Bd3+ Kh8 38. Qb2 Rb8 39. Nd7 Bd6 40. Nxb8 Qxb8 41. Qxb6 Qa8 42. c7 1-0

[Event "45th FIDE Womens Olympiad 2024"]
[Site "Budapest"]
[Date "2024.09.14"]
[Round "4.154"]
[White "Cadeau, Merisena"]
[Black "Wagenschuetz, Evelyn"]
[Result "0-1"]
[ECO "D38"]
[WhiteElo "1671"]
[BlackElo "2036"]
[PlyCount "58"]
[EventDate "2024.09.05"]
[EventType "team-tourn"]
[EventCountry "HUN"]
[WhiteTeam "Haiti"]
[BlackTeam "Ecuador"]
[WhiteTeamCountry "HAI"]
[BlackTeamCountry "ECU"]
[TimeControl "40/5400+30:1800+30"]

1. d4 Nf6 2. c4 e6 3. Nf3 d5 4. Bg5 h6 5. Bh4 Bb4+ 6. Nc3 dxc4 7. Qc2 b5 8. e4 g5 9. Bg3 Bb7 10. Nd2 c6 11. a3 Be7 12. Rd1 Nh5 13. Be2 Nxg3 14. hxg3 Nd7 15. Nf1 Qb6 16. Ne3 O-O-O 17. Bh5 Rdf8 18. e5 c5 19. Ne2 cxd4 20. Nxc4 bxc4 21. Qxc4+ Kb8 22. Rxd4 Nxe5 23. Qc2 Rc8 24. Qa4 Bc5 25. Rd2 Bxg2 26. Rh2 Bxf2+ 27. Kd1 Bc6 28. Qb4 Qxb4 29. axb4 Ba4+ {0-} 0-1

[Event "45th FIDE Womens Olympiad 2024"]
[Site "Budapest"]
[Date "2024.09.14"]
[Round "4.155"]
[White "Vasquez Ramirez, Rocio"]
[Black "Jonet, Davena"]
[Result "1-0"]
[ECO "D02"]
[WhiteElo "1981"]
[BlackElo "1659"]
[PlyCount "91"]
[EventDate "2024.09.05"]
[EventType "team-tourn"]
[EventCountry "HUN"]
[WhiteTeam "Ecuador"]
[BlackTeam "Haiti"]
[WhiteTeamCountry "ECU"]
[BlackTeamCountry "HAI"]
[TimeControl "40/5400+30:1800+30"]

1. d4 d5 2. Nf3 Bf5 3. Bf4 e6 4. e3 Nf6 5. Bd3 Bxd3 6. Qxd3 Nc6 7. a3 Bd6 8. Bg5 h6 9. Bh4 Be7 10. Nbd2 a6 11. c4 dxc4 12. Nxc4 O-O 13. O-O Nd5 14. Bg3 Nf6 15. h3 Qd5 16. Bxc7 Qb5 17. Rfd1 Rac8 18. Bd6 Rfd8 19. Bxe7 Nxe7 20. Rac1 Ned5 21. Nfe5 Nb6 22. b4 Nfd5 23. Na5 Qxd3 24. Nxd3 Rc3 25. Rxc3 Nxc3 26. Re1 Nb5 27. Nxb7 Rb8 28. Nbc5 Nxa3 29. Nxa6 Ra8 30. Ndc5 Kf8 31. Ra1 Nac4 32. b5 Ke7 33. Rc1 Rc8 34. Nb4 Na3 35. Nc6+ Kf8 36. Ne5 Ke7 37. Ra1 Ra8 38. e4 Nc2 39. Nc6+ Ke8 40. Ra6 Rxa6 41. bxa6 Na8 42. d5 exd5 43. exd5 Na3 44. d6 Nb6 45. a7 Nb5 46. a8=Q+ 1-0

[Event "45th FIDE Womens Olympiad 2024"]
[Site "Budapest"]
[Date "2024.09.14"]
[Round "4.156"]
[White "Dunat, Kineberlie"]
[Black "Guerrero Caicedo, Arlette"]
[Result "1/2-1/2"]
[ECO "B01"]
[WhiteElo "1582"]
[BlackElo "1868"]
[PlyCount "150"]
[EventDate "2024.09.05"]
[EventType "team-tourn"]
[EventCountry "HUN"]
[WhiteTeam "Haiti"]
[BlackTeam "Ecuador"]
[WhiteTeamCountry "HAI"]
[BlackTeamCountry "ECU"]
[TimeControl "40/5400+30:1800+30"]

1. e4 e6 2. Nf3 d5 3. exd5 Qxd5 4. Nc3 Qd8 5. Bc4 Nf6 6. O-O Be7 7. d4 Nd5 8. Nxd5 exd5 9. Bd3 Be6 10. Bf4 Nd7 11. c3 O-O 12. Qc2 Nf6 13. Ng5 h6 14. Nxe6 fxe6 15. Qe2 Qd7 16. Rfe1 Ne4 17. Bxe4 Rxf4 18. Bf3 Rf6 19. Bg4 Kf7 20. Rad1 Re8 21. a3 c5 22. Rd3 Bd6 23. Rf3 cxd4 24. Rxf6+ Kxf6 25. Qf3+ Ke7 26. cxd4 Kd8 27. g3 Bc7 28. Bh5 Rg8 29. Qf7 Qxf7 30. Bxf7 Rf8 31. Bxe6 Re8 32. Kf1 Bb6 33. Bxd5 Rxe1+ 34. Kxe1 Bxd4 35. b3 Kc7 36. Ke2 b6 37. f3 a5 38. a4 Kd6 39. Bg8 Ke5 40. h3 Bc5 41. f4+ Kf6 42. Kf3 Bd4 43. g4 Bc3 44. Ke4 Be1 45. Bc4 Bd2 46. h4 Be1 47. g5+ hxg5 48. hxg5+ Ke7 49. Kf5 Bc3 50. Kg6 Kf8 51. f5 Bd4 52. f6 gxf6 53. gxf6 Bc5 54. f7 Bd4 55. Kf5 Bc5 56. Ke6 Be3 57. Kd6 Bc5+ 58. Kc6 Be3 59. Kb5 Bf2 60. Kc6 Be3 61. Kb5 Bf2 62. Be6 Be3 63. Kc4 Bf2 64. Kc3 Be3 65. Kd3 Bf2 66. Kc4 Be3 67. Bd5 Bf2 68. b4 axb4 69. Kxb4 Be3 70. Kb5 Bf2 71. a5 bxa5 72. Kxa5 Be3 73. Kb5 Bf2 74. Kc6 Be3 75. Kd7 Bf4 1/2-1/2

[Event "45th FIDE Womens Olympiad 2024"]
[Site "Budapest"]
[Date "2024.09.14"]
[Round "4.157"]
[White "Fabra, Nahiara"]
[Black "Rivera, Ingris"]
[Result "0-1"]
[ECO "B09"]
[WhiteElo "1932"]
[BlackElo "2171"]
[PlyCount "82"]
[EventDate "2024.09.05"]
[EventType "team-tourn"]
[EventCountry "HUN"]
[WhiteTeam "Uruguay"]
[BlackTeam "Colombia"]
[WhiteTeamCountry "URU"]
[BlackTeamCountry "COL"]
[TimeControl "40/5400+30:1800+30"]

1. e4 d6 2. d4 Nf6 3. Nc3 g6 4. f4 Bg7 5. Nf3 O-O 6. Bd3 c5 7. dxc5 dxc5 8. O-O Nc6 9. e5 Nd5 10. Ne4 Bf5 11. c3 c4 12. Bc2 Qb6+ 13. Kh1 Ne3 14. Bxe3 Qxe3 15. Qc1 Qb6 16. Nh4 Bc8 17. Nd2 Be6 18. Ndf3 Bh6 19. Rb1 Rad8 20. Ng1 Nxe5 21. Qe1 Nd3 22. Qg3 Qc7 23. Ne2 Bg7 24. Rfd1 Nc5 25. Nf3 Bd5 26. Ned4 Be4 27. Ne5 Bxc2 28. Nxc2 Ne6 29. Re1 Rd2 30. Ne3 b5 31. N3g4 Rfd8 32. Nf3 R2d5 33. Nge5 Nc5 34. Nd4 a6 35. Qe3 Nd3 36. Re2 Nxf4 37. Qxf4 Bxe5 38. Qe4 Bxd4 39. cxd4 Rxd4 40. Qxe7 Rd1+ 41. Re1 Qxe7 {0-} 0-1